AoeStats
← ViChoc

Nomad

510232430Analyzed
4v4 RM · 19h ago on Sep 30, 2026· 64m 6s· 8 players
Game mode
Random Map
Map size
231×231
Population
200
Speed
Normal
Resources
Standard
Victory
Conquest
Starting age
Dark Age
Ending age
Imperial Age
RankedLock teamsTeams togetherTeam positionsShared explorationLock speedFull tech treeHidden civsTurbo modeCheats
Victory
Defeat
🇬🇹 Japanese · Guatemala
1166
+16
🇺🇸 Bulgarians · United States
1163
+16
🇺🇸 Jurchens · United States
1157
+16
🇺🇸 Persians · United States
1154
+17
🇺🇸 Magyars · United States
1209
-18
🇺🇸 Byzantines · United States
1184
-17
🇺🇸 Bengalis · United States
1162
-16
🇺🇸 Franks · United States
1117
-14
_StuNNa_
5:45 Loom
15:07 Feudal Age
18:44 Castle Age
17:38 Double-Bit Axe
17:35 Horse Collar
20:09 Bow Saw
20:03 Stone Mining
21:27 Wheelbarrow
22:05 Heavy Plow
29:12 Bloodlines
29:03 Husbandry
29:23 Bloodlines
29:29 Forging
29:28 Scale Barding Armor
30:29 Gold Mining
31:24 Chain Barding Armor
31:41 Iron Casting
32:13 Kamandaran
32:32 Crossbowman
35:56 Imperial Age
33:54 Thumb Ring
35:10 Ballistics
35:52 Padded Archer Armor
35:42 Fletching
36:24 Heavy Camel Rider
38:32 Plate Barding Armor
39:01 Blast Furnace
37:57 Bodkin Arrow
39:56 Chemistry
39:16 Leather Archer Armor
42:17 Stone Shaft Mining
42:18 Gold Shaft Mining
43:20 Ring Archer Armor
51:44 Conscription
56:03 Crop Rotation
ViChoc
5:00 Loom
16:21 Feudal Age
16:46 Fishing Lines
18:02 Double-Bit Axe
21:59 Castle Age
21:23 Forging
21:14 Scale Mail Armor
21:19 Scale Barding Armor
20:36 Man-at-Arms
21:03 Arson
21:48 Stone Mining
21:53 Gold Mining
23:45 Wheelbarrow
23:19 Squires
23:07 Gambesons
23:27 Pikeman
32:25 Ballistics
32:40 Chain Barding Armor
43:16 Chain Mail Armor
43:36 Iron Casting
44:02 Bow Saw
47:25 Imperial Age
47:56 Gold Shaft Mining
47:23 Gillnets
49:32 Blast Furnace
49:03 Plate Mail Armor
49:53 Two-Man Saw
48:42 Town Watch
48:48 Halberdier
51:19 Capped Ram
53:41 Long Swordsman
55:17 Two-Handed Swordsman
57:23 Heavy Scorpion
58:38 Fletching
58:48 Padded Archer Armor
60:05 Caravan
60:36 Coinage
61:19 Hand Cart
61:04 Town Patrol
LkASr
4:12 Loom
14:57 Feudal Age
20:59 Castle Age
20:26 Double-Bit Axe
20:26 Horse Collar
22:16 Forging
22:37 Bow Saw
31:49 Heavy Plow
37:36 Imperial Age
35:24 Fletching
36:20 Wheelbarrow
35:30 Town Watch
36:12 Padded Archer Armor
38:48 Siege Engineers
38:42 Gold Mining
40:16 Ballistics
41:17 Two-Man Saw
41:39 Crop Rotation
41:54 Fortified Bastions
42:09 Thunderclap Bombs
43:58 Conscription
47:12 Fortified Bastions
47:28 Treadmill Crane
48:49 Chemistry
49:48 Hand Cart
49:33 Town Patrol
49:42 Caravan
50:21 Gold Shaft Mining
49:40 Stone Mining
49:17 Light Cavalry
50:08 Bloodlines
49:59 Husbandry
50:19 Leather Archer Armor
50:12 Scale Barding Armor
54:43 Ring Archer Armor
54:48 Iron Casting
54:34 Chain Barding Armor
57:00 Blast Furnace
56:48 Stone Shaft Mining
57:37 Bodkin Arrow
57:55 Masonry
58:42 Hussar
59:59 Plate Barding Armor
59:24 Bracer
monongahela
3:36 Loom
14:14 Feudal Age
14:52 Double-Bit Axe
19:23 Forging
20:15 Fletching
24:28 Castle Age
22:27 Fishing Lines
29:08 Bow Saw
35:07 Horse Collar
42:45 Wheelbarrow
43:17 Gillnets
46:17 Gold Mining
47:58 Wheelbarrow
50:11 Medium Warships
52:52 Imperial Age
51:58 Hand Cart
53:05 Caravan
53:33 Onager
57:25 Chemistry
57:12 Town Watch
61:35 Gold Shaft Mining
61:55 Heavy Plow
61:49 Stone Mining
62:34 Siege Onager
King of Torts
4:29 Loom
14:01 Feudal Age
14:39 Double-Bit Axe
14:49 Fishing Lines
19:23 Castle Age
17:12 Horse Collar
17:26 Gold Mining
18:57 Scale Barding Armor
20:28 Bow Saw
20:36 Gillnets
21:29 Bloodlines
21:19 Husbandry
23:10 Wheelbarrow
22:39 Heavy Plow
24:33 Gold Shaft Mining
27:13 Chain Barding Armor
28:54 Stone Mining
31:10 Town Watch
34:34 Fletching
39:24 Imperial Age
39:28 Cavalier
40:48 Plate Barding Armor
42:46 Hand Cart
44:35 Paladin
48:39 Conscription
48:40 Corvinian Army
50:06 Crop Rotation
50:32 Elite Magyar Huszar
LostinHUH
8:55 Loom
14:28 Feudal Age
19:48 Castle Age
21:16 Forging
23:21 Double-Bit Axe
38:28 Loom
41:16 Imperial Age
40:21 Pikeman
45:16 Scale Mail Armor
47:00 Chain Mail Armor
50:19 Iron Casting
51:19 Bow Saw
51:02 Gold Mining
53:08 Blast Furnace
54:04 Plate Mail Armor
54:09 Halberdier
56:11 Light Cavalry
57:44 Scale Barding Armor
57:58 Squires
57:45 Arson
62:19 Chain Barding Armor
The Man The Myth The Legend
5:32 Loom
13:15 Feudal Age
14:14 Gold Mining
14:10 Double-Bit Axe
14:07 Horse Collar
16:29 Wheelbarrow
21:19 Castle Age
22:19 Scale Barding Armor
23:21 Chain Barding Armor
23:48 Fishing Lines
26:53 Forging
27:06 Bow Saw
28:14 Gold Shaft Mining
27:30 Stone Mining
29:04 Iron Casting
34:24 Imperial Age
32:12 Hand Cart
33:08 Husbandry
34:41 Fletching
35:42 Plate Barding Armor
36:59 Two-Man Saw
37:54 Bodkin Arrow
38:22 Ballistics
39:16 Bracer
39:43 Conscription
41:25 Scale Mail Armor
43:48 Murder Holes
45:01 Padded Archer Armor
46:48 Chain Mail Armor
46:39 Heavy Plow
47:11 Squires
46:59 Pikeman
48:57 Halberdier
50:36 Plate Mail Armor
52:31 Leather Archer Armor
52:59 Elite Skirmisher
53:45 Thumb Ring
54:30 Crossbowman
BurlyFlower4837
5:19 Loom
14:19 Feudal Age
15:11 Double-Bit Axe
16:51 Fishing Lines
19:49 Castle Age
18:06 Stone Mining
19:06 Town Watch
21:54 Bow Saw
26:06 Wheelbarrow
29:06 Hand Cart
29:25 Horse Collar
32:54 Heavy Plow
34:55 Fletching
38:42 Imperial Age
39:14 Bodkin Arrow
40:34 Two-Man Saw
40:04 Bracer
40:35 Padded Archer Armor
41:39 Gold Mining
42:14 Leather Archer Armor
42:00 Elite Ratha (Ranged)
43:49 Chemistry
43:17 Ballistics
44:22 Ring Archer Armor
45:08 Gold Shaft Mining
44:53 Paiks
47:10 Scale Mail Armor
47:59 Pikeman
48:59 Halberdier
49:40 Squires
51:46 Chain Mail Armor
56:46 Conscription
58:28 Crop Rotation
Connection lost

Rejoining the realm…

Still unreachable

The connection could not be restored.

Session expired

The server has moved on; the page needs a fresh start.